 Dungeon Crawl Stone Soup version 0.29-a0-284-gf9362112df (webtiles) character file.

Game seed: 7988815588603665815

18 mistaj the Skirmisher (level 2, -2/16 HPs)
             Began as a Vine Stalker Fighter on Mar 20, 2022.
             Frozen to death by an endoplasm (3 damage)
             ... on level 2 of the Dungeon.
             The game lasted 00:01:40 (634 turns).

mistaj the Skirmisher (Vine Stalker Fighter)         Turns: 634, Time: 00:01:41

Health: -2/16      AC:  6    Str: 18    XL:     2   Next: 66%
Magic:  0/3        EV:  9    Int:  8    God:
Gold:   105        SH:  4    Dex: 13    Spells: 1/1 levels left

rFire   . . .      SeeInvis .   a - +0 rapier
rCold   . . .      Faith    .   c - +0 buckler
rNeg    . . .      Spirit   +   b - +0 scale mail
rPois   .          Reflect  .   (no helmet)
rElec   .          Harm     .   (no cloak)
rCorr   .          Rampage  .   (no gloves)
Will    .....                   (no boots)
Stlth   ..........              (no amulet)
HPRegen 0.05/turn               (no ring)
MPRegen 0.08/turn               (no ring)

@: no status effects
A: fangs 2, magic shield, antimagic bite, no potion heal 2
a: no special abilities


You were on level 2 of the Dungeon.
You visited 1 branch of the dungeon, and saw 2 of its levels.

You collected 105 gold pieces.

Inventory:

Hand Weapons
 a - a +0 rapier (weapon)
Armour
 b - a +0 scale mail (worn)
 c - a +0 buckler (worn)
Jewellery
 f - a ring of ice
Scrolls
 g - a scroll of immolation
 h - a scroll of vulnerability {unknown}
 i - a scroll of teleportation {unknown}
Potions
 d - a potion of might
 e - 2 potions of heal wounds
 k - a potion of haste {unknown}


   Skills:
 + Level 3.0 Fighting
 * Level 2.5 Short Blades
 - Level 2.4 Armour
 - Level 2.6 Shields


You had one spell level left.
You didn't know any spells.
Your spell library was empty.

Dungeon Overview and Level Annotations

Branches:
Dungeon (2/15)

Altars:


Innate Abilities, Weirdness & Mutations

You have extremely sharp teeth.
When hurt, damage is shared between your health and your magic reserves.
Your bite disrupts and absorbs the magic of your enemies.
Potions cannot restore your health.


Message History

The hobgoblin hits you but does no damage.
The adder bites you but does no damage.
* * * LOW HITPOINT WARNING * * *
You feel sick.
As you read the scroll labelled ELUADGHIUSY, it crumbles to dust.
The creatures around you are filled with an inner flame!
It was a scroll of immolation.
* * * LOW HITPOINT WARNING * * *
You feel sick. The adder barely misses you. The hobgoblin barely misses you.
It was a potion of heal wounds.
That seemed strangely inert.
* * * LOW HITPOINT WARNING * * *
You feel sick. The adder bites you but does no damage.
The hobgoblin hits you but does no damage.
It was a potion of curing.
Your system rejects the healing.
You feel better. The adder bites you but does no damage.
The hobgoblin barely misses you. The adder completely misses you.
The adder bites you.
* * * LOW HITPOINT WARNING * * *
You see here a +0 scale mail.
Found a throwing net.
An endoplasm comes into view.
You block the adder's attack. The adder attacks as you move away!
The adder barely misses you. The bat completely misses you.
The endoplasm hits you but does no damage.
An adder comes into view.
Found a scroll labelled LUBBINOCUL and a metallic amethyst potion.
The adder hisses angrily.
The endoplasm barely misses you. The bat hits you but does no damage.
The bat attacks as you move away! You block the bat's attack. x2
The bat closely misses you. The adder attacks as you move away!
The adder bites you. The bat hits you but does no damage.
The adder bites you but does no damage. The bat hits you but does no damage.
There is a stone staircase leading up here.
The bat hits you but does no damage. You block the adder's attack.
The adder bites you but does no damage. The endoplasm freezes you.
You are frozen.
You die...

..............#
..............!#
...............#. ####
................. ...#
#............?.. ...#
##.........[....# ...#
........J........
...####.>.....gS@S......
.......g#####.gb.(.##### ...
.......## #........# ..#
#.####.####........### ....
.........[...##....... .(...
..###........##......####
##.....
..###.....)...##......#.
.......
.......................
##.......
.....[................###<.#


You could see 2 adders, an endoplasm, 2 hobgoblins and a bat (inner flame).

Vanquished Creatures
  A dart slug (D:1)
  An endoplasm (D:1)
  A goblin (D:1)
  4 hobgoblins (D:1)
  A kobold (D:1)
  A quokka (D:1)
  A ball python (D:1)
  2 bats (D:1)
  2 rats (D:1)
14 creatures vanquished.

Notes
Turn   | Place    | Note
-------+----------+-------------------------------------------
     0 | D:1      | mistaj the Vine Stalker Fighter began the quest for the
                  | Orb.
     0 | D:1      | Reached XP level 1. HP: 11/11 MP: 2/2
   218 | D:1      | Reached XP level 2. HP: 13/16 MP: 3/3
   337 | D:1      | Reached skill level 3 in Fighting
   634 | D:2      | Frozen to death by an endoplasm

Illustrated notes

Levels and vault maps discovered:
D:1:      dpeg_arrival_three_same_balls, layout_rooms
D:2:      layout_rooms, hellmonk_ecumenical_altar_crossroads,
          minmay_misc_feat_nine_boxes

Skill      XL: |  1  2 |
---------------+-------+-----
Short Blades   | 2 |  2.5
Fighting       | 3 |  3.0
Armour         | |  2.4
Shields        | |  2.6

Action                   || total
-------------------------++-------
Melee: Rapier            ||    38
       Bite              ||    10
  Use: Potion            ||     2
       Scroll            ||     1
Armor: Scale mail        ||    31
Dodge: Dodged            ||    22
Block: Buckler           ||     6

Table legend: (Time is in decaauts)
 A = Elapsed time spent in this place.
 B = Non-inter-level travel time spent in this place.
 C = Inter-level travel time spent in this place.
 D = Time resting spent in this place.
 E = Time spent auto-exploring this place.
 F = Levels seen in this place.
 G = Mean time per level.
                   A        B        C        D        E       F      G
               +--------+--------+--------+--------+--------+-----+--------+
         Total |    638 |    625 |     13 |    111 |    297 |   2 |  319.0 |
       Dungeon |    638 |    625 |     13 |    111 |    297 |   2 |  319.0 |
               +--------+--------+--------+--------+--------+-----+--------+

Top non-repeatable levels by time:
     D:1: 558 daAuts
     D:2: 80 daAuts
